 Dungeon Crawl Stone Soup version 0.28-a0-381-g937acc2988 (webtiles) character file.

Game seed: 3428644340156767461

3763 frimble the Frost Mage (level 10, -3/74 HPs)
             Began as a Gnoll Ice Elementalist on Sept 1, 2021.
             Slain by a troll (8 damage)
             ... on level 7 of the Dungeon.
             The game lasted 00:13:53 (9882 turns).

frimble the Frost Mage (Gnoll Ice Elementalist)     Turns: 9882, Time: 00:13:54

Health: -3/74      AC: 12    Str:  8    XL:     10   Next: 15%
Magic:  16/20      EV: 14    Int: 17    God:
Gold:   321        SH:  0    Dex: 13    Spells: 13/23 levels left

rFire   . . .      SeeInvis .   y - +8 dagger of Datz {venom, Contam rElec rCorr}
rCold   . . .      Faith    .   (no shield)
rNeg    . . .      Spirit   .   a - +0 robe
rPois   .          Reflect  .   g - +0 helmet
rElec   +          Harm     .   (no cloak)
rCorr   +          Rampage  .   o - +0 pair of gloves
Will    .....                   (no boots)
Stlth   +++.......              (no amulet)
HPRegen 0.22/turn               (no ring)
MPRegen 0.17/turn               (no ring)

@: ice-armoured, very slightly contaminated
A: fangs 1, strong nose, distributed training
a: no special abilities


You were on level 7 of the Dungeon.
You visited 1 branch of the dungeon, and saw 7 of its levels.

You collected 321 gold pieces.

Inventory:

Hand Weapons
 d - a +1 short sword of draining
 l - a +1 dagger of flaming
 m - a +5 spear
 s - a +3 trident of freezing
 y - the +8 dagger of Datz (weapon) {venom, Contam rElec rCorr}
   (You found it on level 7 of the Dungeon)

   It poisons the flesh of those it strikes.
   rElec:     It insulates you from electricity.
   Contam:    It causes magical contamination when unequipped.
   rCorr:     It protects you from acid and corrosion.
Missiles
 x - 2 curare-tipped darts
Armour
 a - a +0 robe (worn)
 g - a +0 helmet (worn)
 o - a +0 pair of gloves (worn)
Wands
 j - a wand of iceblast (7)
 n - a wand of digging (3)
 p - a wand of mindburst (18)
Scrolls
 k - 2 scrolls of teleportation
 t - a scroll of fog
 v - a scroll of identify
Potions
 b - 4 potions of curing
 c - a potion of resistance
 e - 2 potions of invisibility {unknown}
 f - a potion of cancellation
 h - 2 potions of might
 i - 5 potions of heal wounds {unknown}
 q - a potion of haste {unknown}
 r - a potion of magic {unknown}
 u - a potion of brilliance {unknown}
 w - a potion of degeneration {unknown}
 z - a potion of ambrosia {unknown}


   Skills:
 + Level 5.0 Fighting
 + Level 5.0 Short Blades
 + Level 5.0 Long Blades
 + Level 5.0 Axes
 + Level 5.0 Maces & Flails
 + Level 5.0 Polearms
 + Level 5.0 Staves
 + Level 5.0 Slings
 + Level 5.0 Bows
 + Level 5.0 Crossbows
 + Level 5.0 Throwing
 + Level 5.0 Armour
 + Level 6.8 Dodging
 + Level 6.6 Stealth
 + Level 5.0 Shields
 + Level 5.0 Unarmed Combat
 + Level 7.1 Spellcasting
 + Level 4.1 Conjurations
 + Level 4.1 Hexes
 + Level 4.1 Summonings
 + Level 4.1 Necromancy
 + Level 4.1 Translocations
 + Level 4.1 Transmutations
 + Level 4.1 Fire Magic
 + Level 8.3 Ice Magic
 + Level 4.1 Air Magic
 + Level 4.1 Earth Magic
 + Level 4.1 Poison Magic
 + Level 5.5 Invocations
 + Level 5.0 Evocations


You had 13 spell levels left.
You knew the following spells:

 Your Spells              Type           Power      Damage    Failure   Level
a - Freeze                Ice            100%       1d11      1%          1
b - Ozocubu's Armour      Ice            34%        N/A       1%          3
c - Frozen Ramparts       Ice            68%        1d8       1%          3
d - Blink                 Tloc           N/A        N/A       3%          2
e - Foxfire               Conj/Fire      80%        2x1d8     1%          1

Your spell library contained the following spells:

 Spells                   Type           Power      Damage    Failure   Level
 Animate Skeleton         Necr           40%        N/A       1%          1
 Pain                     Necr           80%        1d8       1%          1
 Call Canine Familiar     Summ           20%        N/A       6%          3
 Conjure Flame            Conj/Fire      20%        6-21      6%          3
 Inner Flame              Hex/Fire       20%        N/A       6%          3
 Lesser Beckoning         Tloc           20%        N/A       6%          3
 Portal Projectile        Hex/Tloc       40%        N/A       6%          3
 Vampiric Draining        Necr           10%        2d7       6%          3
 Hailstorm                Conj/Ice       27%        3d7       9%          4
 Summon Ice Beast         Ice/Summ       27%        N/A       9%          4
 Leda's Liquefaction      Hex/Erth       10%        N/A       21%         4
 Fireball                 Conj/Fire      10%        3d6       50%         5
 Manifold Assault         Tloc           20%        N/A       50%         5
 Summon Mana Viper        Hex/Summ       20%        N/A       50%         5
 Summon Cactus Giant      Summ           10%        N/A       97%         6
 Monstrous Menagerie      Summ           10%        N/A       100%        7


Dungeon Overview and Level Annotations

Branches:
Dungeon (7/15)
 Temple: D:4-7

Altars:
Ashenzari


Innate Abilities, Weirdness & Mutations

You have very sharp teeth.
Your uncanny sense of smell can sniff out nearby items.
Your experience applies equally to all skills.


Message History

The troll is lightly wounded.
The troll bites you. The troll claws you! The troll barely misses you.
You hit the troll but do no damage.
The troll is poisoned.
The troll is lightly wounded.
The troll bites you! The troll closely misses you. The troll barely misses you.
You are too injured to fight recklessly!
Casting: Ozocubu's Armour (safe; 1% risk of failure)
Confirm with . or Enter, or press ? or * to list all spells.
A film of ice covers your body! The troll bites you.
The troll claws you but does no damage. x2
You puncture the troll!
The troll looks as sick as possible!
The troll is moderately wounded.
You closely miss the troll.
The troll is moderately wounded.
The troll misses you. The troll claws you but does no damage.
The troll claws you.
You closely miss the troll. Your bite misses the troll.
The troll is moderately wounded.
The troll misses you. x2; The troll claws you.
You barely miss the troll.
The troll is moderately wounded.
You barely miss the troll.
The troll is moderately wounded.
The troll bites you but does no damage. The troll closely misses you.
The troll claws you!
You hit the troll. You punch the troll.
The troll is moderately wounded.
The troll bites you!
* * * LOW HITPOINT WARNING * * *
The troll closely misses you. The troll claws you!
* * * LOW HITPOINT WARNING * * *
Casting: Ozocubu's Armour (safe; 1% risk of failure)
Confirm with . or Enter, or press ? or * to list all spells.
Your icy armour will break if you move.
Continue?
You miscast Blink.
You are very lightly contaminated with residual magic.
Nothing appears to happen.
The troll bites you!
* * * LOW HITPOINT WARNING * * *
The troll claws you!
You die...

#. #. #####. ##...#'#####
''.........# #.........#
.. #.....T...#
...##.....@...#
..............# . #
..............#...
####..................⌠.
....................#...
####.## ###.(.......######
..... ### #..........# #.#
..... ...>#...######## #.#
..............##########.#


You could see a troll (very poisoned).

Vanquished Creatures
  Prince Ribbit (D:7)
  Sigmund (D:2)
  6 yaks (D:6)
  Menkaure (D:6)
  A black bear (D:6)
  An ice beast (D:7)
  A necrophage (D:7)
  3 ogres
  A centaur (D:6)
  A phantom (D:4)
  A kobold brigand (D:7)
  2 bullfrogs
  A wyvern zombie (D:5)
  A gnoll sergeant (D:7)
  A scorpion (D:6)
  2 water moccasin zombies
  A water moccasin skeleton (D:5)
  10 wights
  2 howler monkeys (D:6)
  A centaur zombie (D:6)
  A bullfrog zombie (D:5)
  5 orc priests
  A centaur skeleton (D:5)
  Jessica (D:3)
  Ijyb (D:3)
  3 iguanas
  4 orc wizards
  A killer bee zombie (D:6)
  Robin (D:2)
  9 adders
  7 gnolls
  A white imp (D:5)
  3 ufetubi (D:4)
  5 worms
  3 dart slugs
  25 orcs
  6 endoplasms
  4 giant cockroaches
  11 goblins
  11 hobgoblins
  4 jackals (D:4)
  17 kobolds
  5 quokkas (D:2)
  6 ball pythons
  3 bats
  7 frilled lizards
  3 rats
187 creatures vanquished.

Vanquished Creatures (others)
  105 foxfires
  65 plants (D:2)
170 creatures vanquished.

Grand Total: 357 creatures vanquished

Notes
Turn   | Place    | Note
-------+----------+-------------------------------------------
     0 | D:1      | frimble the Gnoll Ice Elementalist began the quest for the
                  | Orb.
     0 | D:1      | Reached XP level 1. HP: 13/13 MP: 6/6
    82 | D:1      | Found a faded altar of an unknown god.
   137 | D:1      | Reached XP level 2. HP: 18/19 MP: 2/7
   810 | D:1      | You fall into a shaft and drop 1 floor!
   884 | D:2      | Reached XP level 3. HP: 25/25 MP: 7/9
   909 | D:2      | Learned a level 3 spell: Ozocubu's Armour
   918 | D:2      | Reached skill level 5 in Spellcasting
  1031 | D:2      | Found a broken altar of Ashenzari.
  1039 | D:2      | Noticed Sigmund
  1053 | D:2      | HP: 1/25 [giant cockroach (2)]
  1416 | D:1      | Reached skill level 1 in Invocations
  1782 | D:2      | Reached skill level 1 in Fighting
  1782 | D:2      | Reached skill level 1 in Short Blades
  1782 | D:2      | Reached skill level 1 in Long Blades
  1782 | D:2      | Reached skill level 1 in Axes
  1782 | D:2      | Reached skill level 1 in Maces & Flails
  1782 | D:2      | Reached skill level 1 in Polearms
  1782 | D:2      | Reached skill level 1 in Staves
  1782 | D:2      | Reached skill level 1 in Slings
  1782 | D:2      | Reached skill level 1 in Bows
  1782 | D:2      | Reached skill level 1 in Crossbows
  1782 | D:2      | Reached skill level 1 in Throwing
  1782 | D:2      | Reached skill level 1 in Armour
  1782 | D:2      | Reached skill level 1 in Shields
  1782 | D:2      | Reached skill level 1 in Unarmed Combat
  1782 | D:2      | Reached skill level 1 in Evocations
  1994 | D:2      | Reached XP level 4. HP: 21/32 MP: 9/11
  2009 | D:2      | Learned a level 3 spell: Frozen Ramparts
  2266 | D:2      | Killed Sigmund
  2267 | D:2      | Reached skill level 1 in Conjurations
  2267 | D:2      | Reached skill level 1 in Hexes
  2267 | D:2      | Reached skill level 1 in Summonings
  2267 | D:2      | Reached skill level 1 in Necromancy
  2267 | D:2      | Reached skill level 1 in Translocations
  2267 | D:2      | Reached skill level 1 in Transmutations
  2267 | D:2      | Reached skill level 1 in Fire Magic
  2267 | D:2      | Reached skill level 1 in Air Magic
  2267 | D:2      | Reached skill level 1 in Earth Magic
  2267 | D:2      | Reached skill level 1 in Poison Magic
  2267 | D:2      | Reached XP level 5. HP: 12/38 MP: 0/12
  2267 | D:2      | Reached XP level 6. HP: 14/44 MP: 0/13
  2663 | D:2      | You fall into a shaft and drop 1 floor!
  2673 | D:3      | Reached skill level 5 in Dodging
  2760 | D:2      | Noticed Robin
  2765 | D:2      | Killed Robin
  3449 | D:3      | Noticed Jessica
  3456 | D:3      | Killed Jessica
  3604 | D:3      | Noticed Ijyb
  3614 | D:3      | Killed Ijyb
  3864 | D:3      | Learned a level 2 spell: Blink
  3885 | D:3      | Reached XP level 7. HP: 34/50 MP: 6/15
  4853 | D:5      | Entered Level 5 of the Dungeon
  4931 | D:5      | Reached skill level 5 in Stealth
  5132 | D:5      | Reached XP level 8. HP: 33/57 MP: 12/16
  5591 | D:4      | Learned a level 1 spell: Foxfire
  7810 | D:6      | Noticed Menkaure
  7889 | D:6      | Reached XP level 9. HP: 65/65 MP: 11/18
  7908 | D:6      | Killed Menkaure
  8374 | D:6      | Reached skill level 8 in Ice Magic
  8391 | D:6      | Reached skill level 5 in Invocations
  9045 | D:7      | Noticed Prince Ribbit
  9060 | D:7      | Killed Prince Ribbit
  9061 | D:7      | Reached XP level 10. HP: 62/73 MP: 14/20
  9202 | D:7      | Identified the +8 dagger of Datz {venom, Contam rElec
                  | rCorr}
  9545 | D:7      | Reached skill level 5 in Fighting
  9545 | D:7      | Reached skill level 5 in Short Blades
  9545 | D:7      | Reached skill level 5 in Long Blades
  9545 | D:7      | Reached skill level 5 in Axes
  9545 | D:7      | Reached skill level 5 in Maces & Flails
  9545 | D:7      | Reached skill level 5 in Polearms
  9545 | D:7      | Reached skill level 5 in Staves
  9545 | D:7      | Reached skill level 5 in Slings
  9545 | D:7      | Reached skill level 5 in Bows
  9545 | D:7      | Reached skill level 5 in Crossbows
  9545 | D:7      | Reached skill level 5 in Throwing
  9545 | D:7      | Reached skill level 5 in Armour
  9545 | D:7      | Reached skill level 5 in Shields
  9545 | D:7      | Reached skill level 5 in Unarmed Combat
  9545 | D:7      | Reached skill level 5 in Evocations
  9882 | D:7      | Slain by a troll

Illustrated notes

Levels and vault maps discovered:
D:1:      shiori_arrival_elements, layout_basic,
          dreamdust_ecumenical_altar_grove
D:2:      wad_woods_stonehenge, layout_basic, uniq_sigmund, uniq_robin
D:3:      layout_rooms, uniq_ijyb, uniq_jessica
D:4:      layout_loops_ring, kennysheep_small_square
D:5:      layout_rooms, cheibrodos_sewer_entry_bend, chequers_avenue
D:6:      layout_rooms, kennysheep_nub, uniq_menkaure
D:7:      layout_basic, minmay_temple_entry_nine_rooms, minmay_hedge_maze,
          uniq_prince_ribbit1

Skill      XL: |  1  2  3  4  5  6  7  8  9 10 |
---------------+-------------------------------+-----
Spellcasting   | 5 6 7 |  7.1
Invocations    | 1 2 3 4 5 |  5.5
Fighting       | 1 2 3 4 5 |  5.0
Short Blades   | 1 2 3 4 5 |  5.0
Long Blades    | 1 2 3 4 5 |  5.0
Axes           | 1 2 3 4 5 |  5.0
Maces & Flails | 1 2 3 4 5 |  5.0
Polearms       | 1 2 3 4 5 |  5.0
Staves         | 1 2 3 4 5 |  5.0
Slings         | 1 2 3 4 5 |  5.0
Bows           | 1 2 3 4 5 |  5.0
Crossbows      | 1 2 3 4 5 |  5.0
Throwing       | 1 2 3 4 5 |  5.0
Armour         | 1 2 3 4 5 |  5.0
Shields        | 1 2 3 4 5 |  5.0
Unarmed Combat | 1 2 3 4 5 |  5.0
Evocations     | 1 2 3 4 5 |  5.0
Conjurations   | 1 2 3 4 |  4.1
Hexes          | 1 2 3 4 |  4.1
Summonings     | 1 2 3 4 |  4.1
Necromancy     | 1 2 3 4 |  4.1
Translocations | 1 2 3 4 |  4.1
Transmutations | 1 2 3 4 |  4.1
Fire Magic     | 1 2 3 4 |  4.1
Air Magic      | 1 2 3 4 |  4.1
Earth Magic    | 1 2 3 4 |  4.1
Poison Magic   | 1 2 3 4 |  4.1
Dodging        | 5 6 |  6.8
Stealth        | 5 6 |  6.6
Ice Magic      | 8 |  8.3

Action                   |  1- 3 |  4- 6 |  7- 9 | 10-12 || total
-------------------------+-------+-------+-------+-------++-------
Melee: Unarmed           |    39 |       |       |       ||    39
       Bite              |     7 |     5 |    21 |     4 ||    37
       Short sword       |    32 |    94 |    12 |       ||   138
       Dagger            |       |       |   143 |    52 ||   195
       Trident           |       |       |    88 |     7 ||    95
       Spear             |       |       |    29 |       ||    29
       Punch             |       |       |     4 |     2 ||     6
 Cast: Freeze            |    31 |     2 |     2 |       ||    35
       Ozocubu's Armour  |     2 |    10 |    14 |     3 ||    29
       Frozen Ramparts   |       |     9 |    20 |     1 ||    30
       Foxfire           |       |       |    56 |       ||    56
       Blink             |       |       |     4 |       ||     4
  Use: Scroll            |     5 |     4 |     3 |       ||    12
       Potion            |       |     1 |     1 |       ||     2
 Stab: Sleeping          |     8 |     5 |    10 |       ||    23
Armor: Robe              |    14 |    25 |    72 |     9 ||   120
Dodge: Dodged            |    56 |    76 |   244 |    38 ||   414

Table legend: (Time is in decaauts)
 A = Elapsed time spent in this place.
 B = Non-inter-level travel time spent in this place.
 C = Inter-level travel time spent in this place.
 D = Time resting spent in this place.
 E = Time spent auto-exploring this place.
 F = Levels seen in this place.
 G = Mean time per level.
                   A        B        C        D        E       F      G
               +--------+--------+--------+--------+--------+-----+--------+
         Total |   9880 |   9614 |    266 |     61 |   7855 |   7 | 1411.4 |
       Dungeon |   9880 |   9614 |    266 |     61 |   7855 |   7 | 1411.4 |
               +--------+--------+--------+--------+--------+-----+--------+

Top non-repeatable levels by time:
     D:4: 1721 daAuts
     D:2: 1695 daAuts
     D:3: 1638 daAuts
     D:1: 1490 daAuts
     D:6: 1234 daAuts
     D:7: 1097 daAuts
     D:5: 1003 daAuts
